 Dungeon Crawl Stone Soup version 0.28.0-47-ge53b351184 (webtiles) character file.

Game seed: 13131210424104335837

124 pkoi the Insei (level 4, 0/34 (36) HPs)
             Began as a Demigod Gladiator on May 3, 2022.
             Succumbed to Crazy Yiuf's poison
             ... on level 3 of the Dungeon.
             The game lasted 00:05:35 (3746 turns).

pkoi the Insei (Demigod Gladiator)                  Turns: 3746, Time: 00:05:36

HP:   0/34 (36)     AC: 13    Str: 15    XL:     4   Next: 52%
MP:   6/6           EV:  5    Int: 14    God:
Gold: 116           SH:  0    Dex: 15    Spells: 3/3 levels left

rFire   . . .      SeeInvis .   o - +4 trident "Uhid Cad" {freeze, rPois}
rCold   . . .      Faith    .   (no shield)
rNeg    . . .      Spirit   .   k - +0 plate armour
rPois   +          Reflect  .   b - +0 helmet
rElec   .          Harm     .   (no cloak)
rCorr   .          Rampage  .   (no gloves)
Will    .....                   i - +0 pair of boots
Stlth   ..........              (no amulet)
HPRegen 0.11/turn               (no ring)
MPRegen 0.10/turn               (no ring)

@: brilliant, lethally poisoned (0 -> -6), drained
A: high MP 1, forlorn, divine attributes
a: no special abilities


You were on level 3 of the Dungeon.
You visited 1 branch of the dungeon, and saw 3 of its levels.

You collected 116 gold pieces.

Inventory:

Hand Weapons
 o - the +4 trident "Uhid Cad" (weapon) {freeze, rPois}
   (You found it on level 2 of the Dungeon)

   It freezes those it strikes, dealing additional cold damage.
   It can also slow down cold-blooded creatures.
   rPois:     It protects you from poison.
Missiles
 c - 3 throwing nets (quivered)
Armour
 a - a +0 leather armour
 b - a +0 helmet (worn)
 i - a +0 pair of boots (worn)
 k - a +0 plate armour (worn)
Wands
 q - a wand of digging (7)
Scrolls
 e - 3 scrolls of fear {unknown}
 h - 2 scrolls of magic mapping {unknown}
 j - 3 scrolls of identify {unknown}
 l - a scroll of amnesia {unknown}
 m - 2 scrolls of teleportation {unknown}
 n - a scroll of torment {unknown}
 t - a scroll of noise {unknown}
Potions
 d - a potion of might {unknown}
 f - 2 potions of brilliance
 g - a potion of invisibility {unknown}
 p - a potion of attraction {unknown}
 r - a potion of curing {unknown}
 s - a potion of lignification {unknown}


   Skills:
 - Level 2.0 Fighting
 - Level 2.0 Throwing
 + Level 1.8 Armour
 - Level 3.0 Dodging
 * Level 4.2 Unarmed Combat


You had 3 spell levels left.
You didn't know any spells.
Your spell library was empty.

Dungeon Overview and Level Annotations

Branches:
Dungeon (3/15)

Shops:
D:2 [

Annotations:
D:3 Crazy Yiuf


Innate Abilities, Weirdness & Mutations

You have an increased reservoir of magic. (+10% MP)
You shall have no god before yourself.
Your divine heritage dramatically boosts your attributes as you level up.


Message History

There is an open door here.
Crazy Yiuf grits, "Whiteboard water shoe!"
There is an open door here.
Crazy Yiuf sings, "Trees, trees, trees, circus!"
There is an open door here.
There is an open door here.
You can't go up here!
There is a stone staircase leading up here.
You climb upwards.
There is a stone staircase leading down here.
You start resting.
HP restored.
You climb downwards.
Level annotation: Crazy Yiuf Crazy Yiuf hits you with a +4 quarterstaff of chaos.
You are poisoned.
Crazy Yiuf hits you but does no damage.
You are more poisoned.
There is a stone staircase leading up here.
You barely miss Crazy Yiuf.
You feel very sick. Crazy Yiuf barely misses you.
You hit Crazy Yiuf. You freeze Crazy Yiuf.
Crazy Yiuf is moderately wounded.
You feel very sick.
Crazy Yiuf hits you with a +4 quarterstaff of chaos.
* * * LOW HITPOINT WARNING * * *
Crazy Yiuf freezes you.
* * * LOW HITPOINT WARNING * * *
Crazy Yiuf laughs, "Tosser sing-song meccalolo!"
Crazy Yiuf hits you but does no damage.
You are electrocuted!
* * * LOW HITPOINT WARNING * * *
* * * LOW HITPOINT WARNING * * *
You feel very sick.
* * * LOW HITPOINT WARNING * * *
You feel sick.
There is an open door here.
It was a potion of brilliance.
You feel clever all of a sudden.
You die...

...# ####.##### #......# #. ####
#..<..# ##.....# #. # #.###.#
#.##### #. # #.# #.# ##'## ## ##
#.###.# ##...## .# #.....#
##.....## ### .### ###.###
##.......## ##.#
...#######...####.........####...
...........<..# #.# #... # #.#
#.# #### # #.# ##.## #


You could see Crazy Yiuf.

Vanquished Creatures
  Jessica (D:2)
  Ijyb (D:3)
  A worm (D:2)
  5 dart slugs
  9 endoplasms
  4 giant cockroaches
  3 hobgoblins (D:1)
  6 jackals (D:1)
  3 quokkas
  6 ball pythons
  2 bats
  2 frilled lizards
  2 goblins (D:1)
  5 kobolds
  7 rats
57 creatures vanquished.

Notes
Turn   | Place    | Note
-------+----------+-------------------------------------------
     0 | D:1      | pkoi the Demigod Gladiator began the quest for the Orb.
     0 | D:1      | Reached XP level 1. HP: 17/17 MP: 3/3
   617 | D:1      | Reached XP level 2. HP: 24/24 MP: 4/4
   646 | D:1      | Reached skill level 3 in Unarmed Combat
  1188 | D:1      | Reached XP level 3. HP: 28/29 MP: 5/5
  1544 | D:2      | Reached skill level 1 in Armour
  1639 | D:2      | Noticed Jessica
  1664 | D:2      | Killed Jessica
  1977 | D:2      | Found Busch's Armour Shoppe.
  2001 | D:2      | Reached XP level 4. HP: 36/36 MP: 6/6
  2122 | D:2      | Identified the +4 trident "Uhid Cad" {freeze, rPois}
  2691 | D:3      | Noticed Ijyb
  2695 | D:3      | Killed Ijyb
  2696 | D:3      | Reached skill level 4 in Unarmed Combat
  2800 | D:3      | Found a runed translucent door.
  2801 | D:3      | Noticed Crazy Yiuf
  3746 | D:3      | Succumbed to Crazy Yiuf's poison

Illustrated notes

Levels and vault maps discovered:
D:1:      onia_arrival_handbag, layout_loops_ring,
          shapermc_ecumenical_altar_acropolis
D:2:      layout_loops_ring, serial_shops, nicolae_square_shop,
          minmay_pentomino_x2, uniq_jessica
D:3:      layout_loops_corners, nicolae_underground_beach, uniq_ijyb,
          uniq_crazy_yiuf_cottage

Skill      XL: |  1  2  3  4 |
---------------+-------------+-----
Fighting       | 2 |  2.0
Throwing       | 2 |  2.0
Unarmed Combat | 3 4 |  4.2
Dodging        | 3 |  3.0
Armour         | 1 |  1.8

Action                   |  1- 3 |  4- 6 || total
-------------------------+-------+-------++-------
Melee: Unarmed           |   160 |     7 ||   167
       Punch             |     5 |     1 ||     6
       Trident           |       |    21 ||    21
  Use: Potion            |       |     1 ||     1
 Stab: Sleeping          |     2 |       ||     2
Armor: Leather armour    |    42 |       ||    42
       Plate armour      |    11 |    11 ||    22
Dodge: Dodged            |    78 |     4 ||    82
